 Dungeon Crawl Stone Soup version 0.25-a0-364-ge76b031baf (webtiles) character file.

Game seed: 12729833798787221511, levelgen mode: deterministic

39 night the Vexing (level 3, -1/26 HPs)
             Began as a Demonspawn Wanderer on Jan 4, 2020.
             Slain by an adder (3 damage)
             ... on level 2 of the Dungeon.
             The game lasted 00:06:24 (2620 turns).

night the Vexing (Demonspawn Wanderer)              Turns: 2620, Time: 00:06:24

Health: -1/26      AC:  2    Str: 10 (12) XL:     3   Next: 26%
Magic:  0/4        EV: 11    Int: 13 (14) God:
Gold:   80         SH:  3    Dex: 11 (12) Spells: 1/4 levels left

rFire    . . .     SeeInvis .   g - +1 dagger (speed)
rCold    . . .     Gourm    .   (no shield)
rNeg     . . .     Faith    .   d - +0 robe
rPois    .         Spirit   .   (helmet restricted)
rElec    .         Reflect  +   (no cloak)
rCorr    .         Harm     .   (no gloves)
MR       .....                  (no boots)
Stlth    +.........             l - +3 amulet of reflection
HPRegen  0.08/turn              k - ring of attention (curse)
MPRegen  0.09/turn              (no ring)

@: lethally poisoned (-1 -> -14), very slightly contaminated
A: antennae 1, powered by pain 1
a: no special abilities


You were on level 2 of the Dungeon.
You were not hungry.

You visited 1 branch of the dungeon, and saw 2 of its levels.

You collected 80 gold pieces.

Inventory:

Hand Weapons
 a - a +0 falchion
 b - a +0 club
 e - a +0 dagger
 g - a +1 dagger of speed (weapon)
Missiles
 m - 2 curare-tipped darts (quivered)
Armour
 d - a +0 robe (worn)
Jewellery
 k - a cursed ring of attention (left hand)
 l - a +3 amulet of reflection (around neck)
Wands
 c - a wand of random effects (9)
Scrolls
 h - 3 scrolls of identify {unknown}
 i - 2 scrolls of remove curse {unknown}
 j - a scroll of enchant weapon {unknown}
 n - a scroll of magic mapping {unknown}
 p - 4 scrolls of teleportation {unknown}
Comestibles
 f - 3 rations
 q - a chunk of flesh


   Skills:
 + Level 1.2 Fighting
 - Level 2.0 Long Blades
 - Level 1.7 Stealth
 + Level 0.8 Unarmed Combat
 + Level 1.0 Spellcasting
   Level 3.0 Hexes
 + Level 2.5 Summonings
 - Level 1.0 Evocations


You had one spell level left.
You knew the following spells:

 Your Spells              Type           Power        Failure   Level  Hunger
a - Summon Small Mammal   Summ           #...         10%         1    ##.....
b - Call Imp              Summ           #.......     16%         2    ###....

Your spell library contained the following spells:

 Spells                   Type           Power        Failure   Level  Hunger
 Summon Guardian Golem    Hex/Summ       #.......     26%         3    ####...
 Call Canine Familiar     Summ           #.......     30%         3    ####...
 Summon Ice Beast         Ice/Summ       #.......     86%         4    #####..
 Summon Lightning Spire   Summ/Air       #.......     86%         4    #####..


Dungeon Overview and Level Annotations

Branches:
Dungeon (2/15)

Altars:


Innate Abilities, Weirdness & Mutations

You have a pair of small antennae on your head.
You sometimes gain a little power by taking damage.


Message History

Confirm with . or Enter, or press ? or * to list all spells.
You feel sick. You block the adder's attack. The adder closely misses you.
Your bat completely misses the adder.
You feel sick.
Your bat hits the adder. x2; The adder bites you.
* * * LOW HITPOINT WARNING * * *
You are more poisoned.
The adder poisons you!
* * * LOW HITPOINT WARNING * * *
You feel sick.
Your bat closely misses the adder.
It was a potion of degeneration.
There was something very wrong with that liquid.
You feel weakened.
You feel dopey.
You feel clumsy.
* * * LOW HITPOINT WARNING * * *
You feel sick.
Your bat misses the adder. Your bat hits the adder.
The adder closely misses you.
You hit the adder but do no damage.
The adder is moderately wounded.
* * * LOW HITPOINT WARNING * * *
You feel sick. The adder bites you.
You die...

.##.# #........#####...##
.##.###........+...'...+
.##.#........(.#####...##.#
.##.#.....................#
.'.(#......#.....######..##
.######..........# ...#
.+....'..<.......####...#...
.######..........'......##..
## #........b@######.# . #
#........bS'.......
#..........######.#
#.....####........ #.....#
#.######. #.....# #.# #.#
#^# #.#


You could see an adder and 2 friendly bats.

Vanquished Creatures
  A dart slug (D:2)
  A leopard gecko (D:1)
  A bat (D:2)
  2 giant cockroaches (D:1)
  A hobgoblin (D:1)
  4 jackals (D:2)
  A ball python (D:1)
  3 frilled lizards (D:1)
  4 goblins (D:1)
  5 kobolds (D:1)
  3 rats
26 creatures vanquished.

Vanquished Creatures (collateral kills)
  An adder (D:2)
  A giant cockroach (D:1)
  2 bats (D:1)
  2 rats (D:1)
6 creatures vanquished.

Grand Total: 32 creatures vanquished

Notes
Turn   | Place    | Note
-------+----------+-------------------------------------------
     0 | D:1      | night the Demonspawn Wanderer began the quest for the Orb.
     0 | D:1      | night set off with the following items: a +0 falchion, a
                  | wand of random effects (15), a +0 robe, a +0 dagger, a
                  | ration; and the following spell memorised: Summon Small
                  | Mammal; and the following spells available to memorise:
                  | Call Imp, Summon Guardian Golem, Call Canine Familiar,
                  | Summon Ice Beast, Summon Lightning Spire
     0 | D:1      | Reached XP level 1. HP: 13/13 MP: 1/1
   663 | D:1      | Gained mutation: You have a pair of small antennae on your
                  | head. [demonic ancestry]
   663 | D:1      | Reached XP level 2. HP: 12/20 MP: 0/2
  1589 | D:1      | Reached skill level 1 in Fighting
  1851 | D:2      | Gained mutation: You sometimes gain a little power by
                  | taking damage. [demonic ancestry]
  1851 | D:2      | Reached XP level 3. HP: 4/26 MP: 2/4
  2158 | D:2      | Learned a level 2 spell: Call Imp
  2204 | D:2      | Reached skill level 1 in Spellcasting
  2620 | D:2      | Slain by an adder

Levels and vault maps discovered:
D:1:      wander_arrival_desolate, layout_basic
D:2:      minmay_alternating_diamond, layout_basic, minmay_split_cup_large

Skill      XL: |  1  2  3 |
---------------+----------+-----
Long Blades    | 2 |  2.0
Fighting       | 1 |  1.2
Spellcasting   | 1 |  1.0
Stealth        | |  1.7
Unarmed Combat | |  0.8
Hexes          | |  3.0
Summonings     | |  2.5
Evocations     | |  1.0

Action                   || total
-------------------------++-------
Melee: Falchion          ||    29
       Dagger            ||    83
 Cast: Summon Small Mamm ||    14
       Call Imp          ||     1
Evoke: Wand              ||     6
  Use: Potion            ||     1
 Stab: Sleeping          ||     2
       Paralysed         ||     1
  Eat: Chunk             ||     6
Armor: Robe              ||    36
Dodge: Dodged            ||    67
Block: Other             ||     5
       Rpst.: Falchion   ||     3

Table legend:
 A = Non-vault XP
 B = Vault XP
 C = Vault XP percentage of total XP
 D = Non-vault monster count
 E = Vault monster count
 F = Vault count percentage of total count
                 A         B        C        D         E       F
            +---------+---------+-------+---------+---------+-------
      Total |      56 |       0 |   0.0 |      32 |       0 |   0.0
            +---------+---------+-------+---------+---------+-------
        D:1 |      34 |       0 |   0.0 |      24 |       0 |   0.0
        D:2 |      22 |       0 |   0.0 |       8 |       0 |   0.0
            +---------+---------+-------+---------+---------+-------
